 Dungeon Crawl Stone Soup version 0.29.1-13-g9f3cf754e1 (webtiles) character file.

Game seed: 4043213586129351509

646 hawla the Firebug (level 8, -4/58 HPs)
             Began as a Meteoran Fire Elementalist on Jan 20, 2023.
             Slain by an orc priest
             ... wielding a +0 morningstar
              (14 damage)
             ... on level 5 of the Dungeon.
             The game lasted 00:04:46 (1183 turns).

hawla the Firebug (Meteoran Fire Elementalist)      Turns: 1183, Time: 00:04:47

Health: -4/58      AC:  2    Str: 10    XL:     8   Next: 9%
Magic:  0/17       EV: 17    Int: 18    God:
Gold:   102        SH:  0    Dex: 15    Spells: 10/17 levels left

rFire   + . .      SeeInvis .   (no weapon)
rCold   + . .      Faith    .   (no shield)
rNeg    . . .      Spirit   .   a - +0 robe
rPois   +          Reflect  .   (no helmet)
rElec   +          Harm     .   (no cloak)
rCorr   +          Rampage  .   (no gloves)
Will    +....                   (no boots)
Stlth   +.........              (no amulet)
HPRegen 0.19/turn               c - +4 ring of evasion
MPRegen 0.15/turn               (no ring)

@: resistant, glowing
A: sense surroundings 1, otherworldly, glowing, explore regen
a: no special abilities


You were on level 5 of the Dungeon.
You visited 1 branch of the dungeon, and saw 5 of its levels.

You collected 102 gold pieces.

Inventory:

Armour
 a - a +0 robe (worn)
Jewellery
 c - a +4 ring of evasion (left hand)
Scrolls
 f - 2 scrolls of enchant armour {unknown}
 g - a scroll of identify
Potions
 b - a potion of magic
 d - a potion of flight
 e - a potion of mutation {unknown}
 h - a potion of attraction {unknown}


   Skills:
 + Level 0.7 Fighting
 + Level 3.4 Dodging
 - Level 1.4 Stealth
 + Level 5.4 Spellcasting
 + Level 5.8 Conjurations
 + Level 6.3 Fire Magic


You had 10 spell levels left.
You knew the following spells:

 Your Spells              Type           Power      Damage    Failure   Level
a - Foxfire               Conj/Fire      100%       2x1d9     1%          1
b - Scorch                Fire           54%        2d7       1%          2
c - Flame Wave            Conj/Fire      26%        2d8       11%         4

Your spell library contained the following spells:

 Spells                   Type           Power      Damage    Failure   Level
 Conjure Flame            Conj/Fire      26%        6-21      3%          3
 Inner Flame              Hex/Fire       16%        N/A       11%         3
 Borgnjor's Revivificati  Necr           2%         N/A       100%        8
 Necromutation            Tmut/Necr      2%         N/A       100%        8
 Death's Door             Necr           2%         N/A       100%        9


Dungeon Overview and Level Annotations

Branches:
Dungeon (5/15) Zot: 1812   Temple (0/1) D:5

Altars:
Wu Jian
Yredelemnul

Shops:
D:4 (

Annotations:
D:4 3 runed translucent doors, XinyiCatfish's ghost, amateur PaAK


Innate Abilities, Weirdness & Mutations

You passively map a small area around you.
You are easily found by Zot.
You glow in the dark.
You regain HP and MP as you explore.


Message History

Unknown command.
Things that are here:
a +0 dagger; a +0 robe
Things that are here:
a +0 club; an orc corpse
e - a viscous red potion An orc comes into view.
It is wielding a +0 falchion.
An orc is nearby!
An orc is nearby!
Casting: Flame Wave (dangerous; 11% risk of failure)
Confirm with . or Enter, or press ? or * to list all spells.
You conjure some foxfire!
The orc shouts!
Casting: Foxfire (safe; 1% risk of failure)
Confirm with . or Enter, or press ? or * to list all spells.
You conjure some foxfire!
The foxfire hits the orc.
The orc is heavily wounded.
The foxfire hits the orc.
You kill the orc!
Your foxfire dissipates!
Your foxfire dissipates!
An orc priest comes into view. It is wielding a +0 morningstar.
You see here a scroll of identify.
The orc priest shouts!
The orc priest looks braver for a moment.
g - a scroll of identify The orc priest calls down the wrath of Beogh upon you.
Beogh smites you!
The orc priest mumbles some strange prayers to Beogh against you.
Beogh smites you!
* * * LOW HITPOINT WARNING * * *
The orc priest barely misses you.
You see here a +0 falchion.
Casting: Foxfire (safe; 1% risk of failure)
Confirm with . or Enter, or press ? or * to list all spells.
Flames lash the orc priest.
The orc priest is moderately wounded.
The orc priest's fire resistance burns away.
The orc priest hits you with a +0 morningstar!
You die...

..######.#####.##....#.#
* ###†### #.##.#..#.# *
#.....# #.##.#..#.# *
#..)).# #.........# *
#...).# ######.#### *
#.....# #.# #....<####
#.# ##.......# , ..#
#@#####.#* * #o#** ,# ,
...,, * , ,* ##.## * *
#.#, ,* * #.. , * , ###
, *


You could see an orc priest (combustible).

Vanquished Creatures
  The ghost of nshep25 the Trooper, an amateur MiFi (D:4)
  An ogre (D:4)
  A kobold brigand (D:5)
  2 scorpions
  A necrophage (D:5)
  2 hounds
  A jelly (D:5)
  A scorpion zombie (D:4)
  2 orc wizards (D:5)
  An adder (D:4)
  An adder zombie (D:4)
  A dart slug (D:4)
  8 orcs
  2 bats (D:3)
  2 hobgoblins (D:4)
  6 jackals
  A quokka (D:4)
  A ball python (D:4)
  A frilled lizard (D:3)
  5 kobolds
41 creatures vanquished.

Vanquished Creatures (others)
  50 foxfires
50 creatures vanquished.

Grand Total: 91 creatures vanquished

Notes
Turn   | Place    | Note
-------+----------+-------------------------------------------
     0 | D:1      | hawla the Meteoran Fire Elementalist began the quest for
                  | the Orb.
     0 | D:1      | Reached XP level 1. HP: 14/14 MP: 5/5
    72 | D:2      | Found an ornate altar of the Wu Jian Council.
   143 | D:3      | Reached XP level 2. HP: 19/20 MP: 1/7
   146 | D:3      | Learned a level 2 spell: Scorch
   176 | D:4      | Noticed a hound
   198 | D:4      | Killed a hound
   199 | D:4      | Reached skill level 4 in Fire Magic
   199 | D:4      | Reached XP level 3. HP: 7/26 MP: 2/9
   264 | D:4      | Found a runed translucent gate.
   265 | D:4      | Found a runed translucent gate.
   265 | D:4      | Found a runed translucent gate.
   267 | D:4      | Noticed XinyiCatfish's ghost (amateur PaAK)
   307 | D:4      | Reached XP level 4. HP: 30/33 MP: 5/10
   342 | D:4      | Noticed an ogre
   345 | D:4      | Killed an ogre
   346 | D:4      | Reached skill level 5 in Fire Magic
   346 | D:4      | Reached XP level 5. HP: 39/39 MP: 4/12
   351 | D:4      | Learned a level 4 spell: Flame Wave
   373 | D:4      | Found Minom's Weapon Shoppe.
   437 | D:4      | Reached XP level 6. HP: 30/46 MP: 2/13
   750 | D:4      | Found a runed translucent gate.
   750 | D:4      | Found a runed translucent gate.
   750 | D:4      | Found a runed translucent gate.
   750 | D:4      | Noticed nshep25's ghost (amateur MiFi)
   755 | D:4      | Found a basalt altar of Yredelemnul.
   877 | D:4      | Killed nshep25's ghost
   878 | D:4      | Reached skill level 5 in Conjurations
   878 | D:4      | Reached XP level 7. HP: 32/51 MP: 7/14
   942 | D:5      | Entered Level 5 of the Dungeon
  1131 | D:5      | Reached skill level 6 in Fire Magic
  1167 | D:5      | Reached skill level 5 in Spellcasting
  1167 | D:5      | Reached XP level 8. HP: 28/58 MP: 1/16
  1183 | D:5      | Slain by an orc priest

Illustrated notes

Levels and vault maps discovered:
D:1:      dpeg_arrival_refuge, layout_basic, chequers_ecumenical_altar_simple,
          minivault_25
D:2:      layout_basic, basic_altar
D:3:      layout_basic, cheibrodos_sewer_entry_drain, minmay_misc_feat_rugged,
          guppyfry_early_orc_mine
D:4:      layout_loops_ring, nicolae_yredelemnul_ghost_church,
          ebering_ghost_rock_garden, serial_shops, shop
D:5:      layout_loops_cross, minmay_temple_entry_mist

Skill      XL: |  1  2  3  4  5  6  7 |
---------------+----------------------+-----
Spellcasting   | 3 4 5 |  5.4
Fire Magic     | 4 5 6 |  6.3
Dodging        | 3 |  3.4
Conjurations   | 3 5 |  5.8
Fighting       | |  0.7
Stealth        | |  1.4

Action                   |  1- 3 |  4- 6 |  7- 9 || total
-------------------------+-------+-------+-------++-------
Melee: Unarmed           |     8 |     2 |     4 ||    14
 Cast: Foxfire           |    13 |    13 |     4 ||    30
       Scorch            |     3 |    15 |    14 ||    32
       Flame Wave        |       |     2 |     4 ||     6
  Use: Scroll            |     1 |       |     2 ||     3
       Potion            |       |     1 |     1 ||     2
Armor: Robe              |    13 |     1 |     2 ||    16
Dodge: Dodged            |    18 |    12 |    17 ||    47
